 Dungeon Crawl Stone Soup version 0.29-a0-648-g6b26cc9f40 (webtiles) character file.

Game seed: 16014574456302174067

164 ytrimaz the Insei (level 5, 0/33 HPs)
             Began as an Octopode Transmuter on June 21, 2022.
             Slain by a goblin
             ... wielding a +0 club
             ... led by Robin
              (5 damage)
             ... on level 4 of the Dungeon.
             The game lasted 00:04:59 (3662 turns).

ytrimaz the Insei (Octopode Transmuter)             Turns: 3662, Time: 00:05:00

Health: 0/33       AC:  2    Str:  9    XL:     5   Next: 45%
Magic:  3/8        EV: 19    Int: 18    God:
Gold:   151        SH:  0    Dex: 17    Spells: 2/8 levels left

rFire   . . .      SeeInvis .     - Unarmed
rCold   . . .      Faith    .   (shield currently unavailable)
rNeg    . . .      Spirit   .   (helmet currently unavailable)
rPois   .          Reflect  .   (no amulet)
rElec   .          Harm     .   c - ring of poison resistance
rCorr   .          Rampage  .   g - ring of willpower
Will    ++...                   j - ring of willpower
Stlth   ++........              (no ring)
HPRegen 0.11/turn               (no ring)
MPRegen 0.11/turn               (no ring)
                                (no ring)
                                (no ring)

@: spider-form (expiring)
A: venomous fangs, almost no armour, (amphibious), 8 rings, tiny, (camouflage
1), (gelatinous body 1), (nimble swimmer 1), (tentacles)
a: End Transformation


You were on level 4 of the Dungeon.
You were a venomous arachnid creature.
You visited 1 branch of the dungeon, and saw 4 of its levels.

You collected 151 gold pieces.

Inventory:

Jewellery
 c - a ring of poison resistance (left front leg)
 g - a ring of willpower (right front leg)
 j - a ring of willpower (on tentacle)
Scrolls
 b - a scroll of identify
 d - a scroll of enchant armour
 k - a scroll of summoning
Potions
 a - a potion of lignification
 e - a potion of flight {unknown}
 f - a potion of mutation {unknown}
 h - a potion of curing {unknown}
 i - a potion of brilliance {unknown}


   Skills:
 - Level 1.0 Fighting
 - Level 2.0 Dodging
 + Level 5.9 Unarmed Combat
 - Level 2.0 Spellcasting
 - Level 2.0 Transmutations
 + Level 0.3 Poison Magic


You had 2 spell levels left.
You knew the following spells:

 Your Spells              Type           Power      Damage    Failure   Level
a - Beastly Appendage     Tmut           18%        N/A       21%         1
b - Wereblood             Tmut           9%         N/A       28%         2
c - Spider Form           Tmut/Pois      6%         N/A       54%         3

Your spell library contained the following spells:

 Spells                   Type           Power      Damage    Failure   Level
 Necrotize                Necr           4%         1d4       38%         1
 Confusing Touch          Hex            1%         N/A       69%         3
 Ozocubu's Armour         Ice            1%         N/A       69%         3
 Vampiric Draining        Necr           1%         2d6       69%         3
 Ice Form                 Ice/Tmut       5%         N/A       89%         4
 Yara's Violent Unravell  Hex/Tmut       2%         3d3       99%         5
 Agony                    Necr           1%         N/A       100%        5
 Enfeeble                 Hex            0%         N/A       100%        7
 Ozocubu's Refrigeration  Ice            0%         4d5       100%        7


Dungeon Overview and Level Annotations

Branches:
Dungeon (4/15)
 Temple: D:4-7

Altars:
Nemelex Xobeh
Sif Muna
Xom
Beogh

Shops:
D:3 [

Annotations:
D:3 3 runed translucent doors, Farfigtubin's ghost, amateur KoSu
D:4 exclusion: scorpion


Innate Abilities, Weirdness & Mutations

You are a venomous arachnid creature.
You have poisonous fangs.
You are tiny and dextrous.
Your spellcasting is less reliable in this form.
Your armour is entirely melded.
You are incapable of wielding weapons or throwing items.
You cannot wear most types of armour.
((You are amphibious.))
You can wear up to eight rings at the same time.
((Your skin changes colour to match your surroundings (Stealth+).))
((Your rubbery body absorbs attacks. (AC +1, EV +1)))
((You are camouflaged when in or above water. (Stealth+)))
((You have tentacles for arms and can constrict up to eight enemies at once.))


Message History

You hit Robin.
Robin is poisoned.
Robin is lightly wounded.
Robin hits you with a +2 short sword of holy wrath.
You hit Robin but do no damage.
Robin looks as sick as possible!
Robin is lightly wounded.
Your transformation is almost over.
Robin completely misses you. The hobgoblin barely misses you.
The goblin shouts!
You hit Robin.
Robin looks as sick as possible!
Robin is heavily wounded.
Robin roars a battlecry!
The goblins go into a battle-frenzy!
Robin attacks as you move away!
Robin hits you with a +2 short sword of holy wrath.
The goblin misses you. The goblin completely misses you.
Robin says, "My goblins will feast on your bones."
The hobgoblin barely misses you.
Your magical contamination has completely faded away.
You hit Robin but do no damage.
Robin is severely wounded.
The goblin hits you with a +0 dagger. The goblin hits you with a +0 club.
Robin misses you. The hobgoblin barely misses you.
You barely miss Robin.
Robin is severely wounded.
The goblin completely misses you. The goblin hits you but does no damage.
Robin barely misses you. The hobgoblin completely misses you.
You hit Robin.
You kill Robin!
The goblin misses you. The hobgoblin hits you. The goblin closely misses you.
Unknown command.
You are too injured to fight recklessly!
You are too injured to fight recklessly!
The hobgoblin misses you.
Items here: ) [[ †.
The hobgoblin attacks as you move away! The hobgoblin hits you.
* * * LOW HITPOINT WARNING * * *
The hobgoblin attacks as you move away! The hobgoblin hits you.
* * * LOW HITPOINT WARNING * * *
The goblin attacks as you move away! The goblin hits you with a +0 club.
You die...

##..####............ ..>.........
...#########.....#######..##...g.
..###......!................g)g..
#...^..................##...#.#.g
#####..........##### #..#...#g# #
#..........## #...g.#g# ###
#..........)## ###...#.#
..###.........ggg# ####g..)#g#
#..............#s####.......#.#
####...........#.#..).###...#g#
##..........#)).#### #####
##.#...#####..## #...#.###....#
.#####..##.....##.#
..............###.#
###.#..####........
###.#..###..##...##.


You could see a hobgoblin (strong) and 2 goblins.

Vanquished Creatures
  A hound (D:4)
  An orc priest (D:2)
  Robin (D:4)
  3 adders
  2 worms (D:2)
  A dart slug (D:2)
  4 orcs
  6 bats
  6 endoplasms
  3 giant cockroaches
  7 goblins
  5 hobgoblins
  A quokka (D:3)
  2 ball pythons
  3 frilled lizards
  4 kobolds
  5 rats (D:1)
55 creatures vanquished.

Notes
Turn   | Place    | Note
-------+----------+-------------------------------------------
     0 | D:1      | ytrimaz the Octopode Transmuter began the quest for the
                  | Orb.
     0 | D:1      | Reached XP level 1. HP: 13/13 MP: 3/3
   214 | D:1      | Reached XP level 2. HP: 10/18 MP: 3/5
   799 | D:1      | Found a faded altar of an unknown god.
   853 | D:1      | Reached skill level 4 in Unarmed Combat
  1110 | D:2      | Reached XP level 3. HP: 23/23 MP: 6/6
  1578 | D:2      | Learned a level 2 spell: Wereblood
  1582 | D:2      | Learned a level 3 spell: Spider Form
  1752 | D:2      | Reached XP level 4. HP: 28/28 MP: 5/7
  1827 | D:2      | Found a shimmering altar of Xom.
  1847 | D:2      | Reached skill level 5 in Unarmed Combat
  2671 | D:3      | Found Orenualo's Armour Boutique.
  2745 | D:3      | Found a sparkling altar of Nemelex Xobeh.
  2792 | D:3      | Found a faded altar of an unknown god.
  2808 | D:3      | Found a shimmering blue altar of Sif Muna.
  2916 | D:3      | Found a runed translucent gate.
  2925 | D:3      | Found a runed translucent gate.
  2926 | D:3      | Found a runed translucent gate.
  3011 | D:3      | Noticed Farfigtubin's ghost (amateur KoSu)
  3169 | D:4      | Noticed a scorpion
  3187 | D:4      | Reached XP level 5. HP: 31/33 MP: 6/8
  3458 | D:4      | Identified the +8 trident "Nilupo" {vorpal, rCorr Dex+2}
  3491 | D:4      | Noticed Robin
  3658 | D:4      | Killed Robin
  3662 | D:4      | Slain by a goblin

Illustrated notes

Levels and vault maps discovered:
D:1:      dpeg_arrival_shrine, layout_basic,
          hellmonk_ecumenical_altar_defaced_shrine, minivault_26,
          minmay_misc_feat_chi
D:2:      layout_basic, basic_altar
D:3:      layout_rooms, mainiacjoe_overflow_tiny_flanked,
          nicolae_overflow_ecumenical_swirl, serial_shops,
          nicolae_shop_window_shopping, ebering_ghost_rock_garden
D:4:      layout_rooms, minmay_pentangle, uniq_ijyb, uniq_eustachio, uniq_robin

Skill      XL: |  1  2  3  4 |
---------------+-------------+-----
Unarmed Combat | 4 5 |  5.9
Fighting       | |  1.0
Dodging        | |  2.0
Spellcasting   | |  2.0
Transmutations | |  2.0
Poison Magic   | |  0.3

Action                   |  1- 3 |  4- 6 || total
-------------------------+-------+-------++-------
Melee: Unarmed           |    58 |    55 ||   113
       Constrict         |    13 |     8 ||    21
       Kick              |    11 |     5 ||    16
       Tentacles         |    11 |     3 ||    14
       Punch             |     1 |     2 ||     3
 Cast: Beastly Appendage |    19 |     7 ||    26
       Spider Form       |       |     3 ||     3
       Wereblood         |       |     3 ||     3
  Use: Scroll            |     4 |     2 ||     6
 Stab: Sleeping          |     8 |     4 ||    12
Armor: Skin              |     7 |     5 ||    12
Dodge: Dodged            |    34 |    60 ||    94

Table legend: (Time is in decaauts)
 A = Elapsed time spent in this place.
 B = Non-inter-level travel time spent in this place.
 C = Inter-level travel time spent in this place.
 D = Time resting spent in this place.
 E = Time spent auto-exploring this place.
 F = Levels seen in this place.
 G = Mean time per level.
                   A        B        C        D        E       F      G
               +--------+--------+--------+--------+--------+-----+--------+
         Total |   3650 |   3568 |     82 |    904 |   2135 |   4 |  912.5 |
       Dungeon |   3650 |   3568 |     82 |    904 |   2135 |   4 |  912.5 |
               +--------+--------+--------+--------+--------+-----+--------+

Top non-repeatable levels by time:
     D:2: 1537 daAuts
     D:1: 1105 daAuts
     D:4: 544 daAuts
     D:3: 462 daAuts
